 Dungeon Crawl Stone Soup version 0.30.0-13-g156ef70053 (webtiles) character file.

Game seed: 8875041523751192322

107553 joshe the Eclecticist (level 16, -12/72 HPs)
             Began as a Deep Elf Conjurer on May 17, 2023.
             Was a High Priest of Hepliaklqana.
             Shot with a bolt by a tengu warrior (22 damage)
             ... on level 15 of the Dungeon on May 18, 2023.
             The game lasted 03:13:04 (30335 turns).

joshe the Eclecticist (Deep Elf Conjurer)          Turns: 30335, Time: 03:13:05

Health: -12/72     AC: 10    Str:  4    XL:     16   Next: 0%
Magic:  33/40      EV: 18    Int: 42    God:    Hepliaklqana [*****.]
Gold:   552        SH:  0    Dex: 14    Spells: 15/51 levels left

rFire   + + .        m - staff of earth "Icut" {rElec rCorr Int+5 Dex-3}
rCold   + . .        V - crystal ball of Wucad Mu {*channel}
rNeg    + . .        j - +4 robe of Yesterday {rF+ rC- rN+ Int+3}
rPois   .            v - +0 helmet
rElec   +            i - scarf {rC+ rF+}
rCorr   +            R - +1 pair of gloves
SInv    .            F - +0 pair of boots
Will    +....        O - amulet of magic regeneration
Stlth   ++           b - ring of protection from cold
HPRegen 0.32/turn    q - +6 ring of intelligence
MPRegen 0.67/turn

%: channel magic (40%)
@: no status effects
A: reduced essence
a: Renounce Religion, Recall Ancestor, Ancestor Identity, Transference, Idealise


You were on level 15 of the Dungeon.
You worshipped Hepliaklqana.
Hepliaklqana was extremely pleased with you.
You visited 4 branches of the dungeon, and saw 23 of its levels.
You also visited: Gauntlet.

You collected 1918 gold pieces.
You spent 1366 gold pieces at shops.

Inventory:

Hand Weapons
 r - the +8 flail "Eruut" {freeze, Will++}
   (You found it on level 3 of the Lair of Beasts)

   Will:      It greatly increases your willpower.
Armour
 i - a scarf of resistance (worn)
 j - the +4 robe of Yesterday (worn) {rF+ rC- rN+ Int+3}
   (You found it on level 2 of the Dungeon)

   Int:       It affects your intelligence (+3).
   rF:        It protects you from fire.
   rC:        It makes you vulnerable to cold.
   rN:        It protects you from negative energy.
 v - a +0 helmet (worn)
 F - a +0 pair of boots (worn)
 I - a +2 cloak
 R - a +1 pair of gloves (worn)
 V - the crystal ball of Wucad Mu (worn) {*channel}
   (You took it off a skeletal warrior on level 11 of the Dungeon)

   *Channel:  It often returns the magic spent to cast spells, but lowers their
   success rate.
   It always returns the magic spent on miscasts.
Magical Staves
 m - the staff of earth "Icut" (weapon) {rElec rCorr Int+5 Dex-3}
   (You took it off a centaur on level 11 of the Dungeon)

   [staff of earth]

   Base accuracy: +5 Base damage: 5 Base attack delay: 1.2 This weapon's minimum
   attack delay (0.6) is reached at skill level 12.
   Int:       It affects your intelligence (+5).
   Dex:       It affects your dexterity (-3).
   rElec:     It insulates you from electricity.
   rCorr:     It protects you from acid and corrosion.
   It falls into the 'Staves' category.
   It is a one-handed weapon.
 T - the staff of air "Isoege" {rElec MP+9}
   (You took it off an orc wizard on level 11 of the Dungeon)

   [staff of air]

   Base accuracy: +5 Base damage: 5 Base attack delay: 1.2 This weapon's minimum
   attack delay (0.6) is reached at skill level 12.
   rElec:     It insulates you from electricity.
   MP:        It affects your magic capacity (+9).
   It falls into the 'Staves' category.
   It is a one-handed weapon.
Jewellery
 b - a ring of protection from cold (left hand)
 q - a +6 ring of intelligence (right hand)
 t - a ring of fire
 O - an amulet of magic regeneration (around neck)
Wands
 p - a wand of paralysis (16)
 s - a wand of flame (20)
 x - a wand of polymorph (12)
 C - a wand of mindburst (9)
 E - a wand of digging (3)
 G - a wand of iceblast (23)
 H - a wand of quicksilver (13)
Scrolls
 a - a scroll of brand weapon {unknown}
 g - 11 scrolls of teleportation
 h - 2 scrolls of amnesia {unknown}
 k - 3 scrolls of fear
 l - 4 scrolls of enchant armour
 o - a scroll of butterflies {unknown}
 w - 2 scrolls of noise {unknown}
 y - 3 scrolls of magic mapping
 B - 3 scrolls of blinking
 J - a scroll of fog {unknown}
 K - 2 scrolls of poison
 P - a scroll of immolation {unknown}
 Z - 2 scrolls of torment {unknown}
Potions
 c - 3 potions of brilliance
 d - 5 potions of heal wounds
 e - 2 potions of flight
 f - 8 potions of curing
 n - a potion of haste {unknown}
 u - a potion of mutation
 z - 5 potions of might
 A - a potion of resistance
 D - a potion of magic
 L - 5 potions of lignification
 N - a potion of invisibility {unknown}
 U - a potion of berserk rage {unknown}
Miscellaneous
 S - a lightning rod (4/4)
 X - a condenser vane


   Skills:
 + Level 2.5 Fighting
 + Level 12.2 Dodging
 - Level 2.4 Stealth
 - Level 6.0 Shields
 + Level 18.1 Spellcasting
 + Level 10.2 Conjurations
 - Level 13.0 Hexes
 - Level 5.0 Translocations
 - Level 13.0 Fire Magic
 - Level 8.0 Air Magic
 - Level 4.0 Poison Magic
 - Level 8.0 Invocations
 + Level 8.3 Evocations


You had 15 spell levels left.
You knew the following spells:

 Your Spells              Type           Power      Damage    Failure   Level
a - Magic Dart            Conj           100%       1d8       1%          1
b - Searing Ray           Conj           100%       2d8       1%          2
c - Fulminant Prism       Conj/Hex       47%        3d21      1%          4
d - Iskenderun's Mystic   Conj/Tloc      80%        2d16      2%          4
e - Mephitic Cloud        Conj/Pois/Air  79%        N/A       1%          3
f - Fireball              Conj/Fire      47%        3d19      1%          5
g - Flame Wave            Conj/Fire      94%        2d20      1%          4
h - Plasma Beam           Fire/Air       45%        2x1d65    6%          6
i - Poisonous Vapours     Pois/Air       100%       N/A       1%          2
j - Iskenderun's Battles  Conj           90%        2d14      2%          5

Your spell library contained the following spells:

 Spells                   Type           Power      Damage    Failure   Level
 Apportation              Tloc           100%       N/A       1%          1
 Foxfire                  Conj/Fire      100%       2x1d9     1%          1
 Dazzling Flash           Conj/Hex       100%       N/A       1%          3
 Inner Flame              Hex/Fire       99%        N/A       1%          3
 Vhi's Electric Charge    Tloc/Air       100%       N/A       1%          3
 Cause Fear               Hex            49%        N/A       1%          4
 Sticky Flame             Conj/Fire      94%        2d10      1%          4
 Silence                  Hex/Air        45%        N/A       2%          5
 Arcjolt                  Conj/Air       42%        1d52      3%          5
 Starburst                Conj/Fire      47%        6d13      4%          6
 Metabolic Englaciation   Hex/Ice        37%        N/A       6%          5
 Freezing Cloud           Conj/Ice/Air   36%        6-21      7%          5
 Frozen Ramparts          Ice            76%        1d12      8%          3
 Ozocubu's Armour         Ice            38%        N/A       8%          3
 Conjure Ball Lightning   Conj/Air       42%        3x3d15    10%         6
 Ice Form                 Ice/Tmut       38%        N/A       19%         4
 Petrify                  Tmut/Erth      54%        N/A       19%         4
 Summon Ice Beast         Ice/Summ       38%        N/A       19%         4
 Alistair's Intoxication  Tmut/Pois      35%        N/A       22%         5
 Orb of Destruction       Conj           45%        9d12      22%         7
 Agony                    Necr           38%        N/A       38%         5
 Statue Form              Tmut/Erth      36%        N/A       87%         6
 Maxwell's Capacitive Co  Air            40%        ∞         95%         8
 Dragon Form              Tmut           19%        N/A       100%        7
 Ozocubu's Refrigeration  Ice            19%        4d11      100%        7
 Dragon's Call            Summ           19%        N/A       100%        9


Dungeon Overview and Level Annotations

Branches:
Dungeon (15/15)            Temple (1/1) D:6            Lair (5/5) D:8
  Swamp (0/4) Lair:2       Spider (0/4) Lair:3        Slime (0/5) Lair:5
    Orc (2/2) D:10            Elf (0/3) Orc:2        Vaults (0/5) D:13
Gauntlet (visited)
 Depths: D:15

Altars:
Ashenzari
Cheibriados
Dithmenos
Elyvilon
Fedhas
Gozag
Hepliaklqana
Kikubaaqudgha
Makhleb
Nemelex Xobeh
Okawaru
Qazlal
Ru
Sif Muna
Trog
Uskayaw
Vehumet
Wu Jian
Xom
Yredelemnul
Zin
The Shining One
Jiyva

Shops:
D:9 *   D:14 ((:   Orc:1 (   Orc:2 =*[[(

Portals:
Hell: Lair:5

Annotations:
D:11 Sonja


Message History

Casting: Plasma Beam (dangerous; 6% risk of failure)
Confirm with . or Enter, or press ? or * to list all spells.
Casting: Plasma Beam (dangerous; 6% risk of failure)
Press: ? - help, Dir - look around, f - activate
Okay, then.
Casting: Plasma Beam (dangerous; 6% risk of failure)
Confirm with . or Enter, or press ? or * to list all spells.
Casting: Plasma Beam (dangerous; 6% risk of failure)
Press: ? - help, Dir - look around, f - activate Look: a tengu warrior, wielding a +0 arbalest (2x42% to hit)
The bolt of lightning misses the tengu warrior.
Magical energy flows into your mind!
Septima hits the frost giant with a +0 broad axe of flaming!
Septima burns the frost giant.
Casting: Plasma Beam (dangerous; 6% risk of failure)
Confirm with . or Enter, or press ? or * to list all spells.
Okay, then.
The frost giant points at you and mumbles some strange words.
The bolt of cold hits Septima!!
Septima resists.
The bolt of cold hits you!! You resist.
The tengu warrior is engulfed in a cloud of scalding steam.
The tengu warrior shoots a bolt.
The bolt hits you!!
* * * LOW HITPOINT WARNING * * *
You feel much better.
Septima hits the frost giant with a +0 broad axe of flaming!
Septima burns the frost giant.
The frost giant points at you and mumbles some strange words.
The bolt of cold hits Septima!!
Septima resists.
The bolt of cold misses you.
The tengu warrior is engulfed in a cloud of scalding steam.
The tengu warrior shoots a bolt.
The bolt hits you!
* * * LOW HITPOINT WARNING * * *
Blink to where?
Press: ? - help, Dir - move target, p - tengu warrior
As you read the scroll of blinking, it crumbles to dust.
Septima blocks something's attack.
The tengu warrior shoots a bolt.
The bolt hits you!!
You die...

#####..##.....
#..........#.#
#..........###
#..........###
#############..........#..
......≈≈#.............#..
#Q≈≈#.≈#.............#.#
#......#.............#.#
#..≈##.@.............'.#
#......###############..
#'###§≈≈#.≈# ...†.....
#).CR.§..≈≈# .....#...
############ .... #... ...
..... ## ######


You could see the friendly Septima the knight and a tengu warrior.

Vanquished Creatures
  Gastronok (Lair:2)
  A fire giant (D:11)
  A frost giant (D:11)
  A quicksilver ooze (Gauntlet)
  A minotaur (Gauntlet)
  A dire elephant (Gauntlet)
  Snorg (D:11)
  Josephine (D:12)
  A fire dragon (D:11)
  An ogre mage (D:11)
  7 hydras
  Harold (D:11)
  A death knight (D:13)
  3 catoblepae
  4 centaur warriors
  Erica (Lair:2)
  10 two-headed ogres
  2 boulder beetles
  A death yak (Lair:4)
  A tengu warrior (D:15)
  Urug (Lair:2)
  An orc high priest (Orc:2)
  A skyshark (Lair:5)
  7 skeletal warriors
  An orb spider (Lair:3)
  A phantasmal warrior (D:13)
  3 orc knights (Orc:2)
  A wizard (Lair:5)
  A deep elf pyromancer (D:15)
  2 necromancers (D:13)
  A wolf spider (D:11)
  3 orc sorcerers (Orc:2)
  12 ugly things
  4 cyclopes
  4 manticores
  7 elephants
  6 black mambas
  2 gargoyles (D:11)
  A torpor snail (Lair:4)
  8 cane toads
  4 rime drakes
  2 orange demons (Lair:5)
  8 komodo dragons
  A kobold demonologist (D:11)
  An efreet (D:14)
  5 unseen horrors
  A red devil (Lair:5)
  2 freezing wraiths (D:13)
  2 ice devils (Lair:5)
  A tengu conjurer (D:15)
  4 trolls
  5 meliai
  4 polar bears
  Grinder (D:6)
  A hellwing (Lair:5)
  3 hornets
  A tyrant leech (Lair:2)
  A wind drake (shapeshifter) (D:14)
  9 blink frogs
  4 dream sheep
  12 slime creatures
  3 shadows
  5 flying skulls (Gauntlet)
  7 wraiths
  53 yaks
  A hog (Lair:3)
  A vampire (D:13)
  4 wyverns
  2 steam dragons
  Eustachio (D:6)
  2 basilisks
  2 humans (Lair:3)
  4 vampire mosquitoes
  6 wargs
  A swamp worm (Lair:2)
  3 hell hounds (Lair:5)
  2 acid dragons
  7 water moccasins
  31 orc warriors
  An ice beast (D:7)
  A black bear (Lair:4)
  6 ogres
  7 centaurs
  12 wolves
  3 phantoms
  A kobold brigand (D:11)
  5 bullfrogs
  2 gnoll sergeants
  2 scorpions
  16 wights
  A knight (Orc:2)
  10 killer bees
  A howler monkey (D:11)
  12 crimson imps
  4 jellies
  A hound (D:6)
  10 orc priests
  Crazy Yiuf (D:4)
  20 orc wizards
  3 iguanas
  2 sleepcaps
  A statue (D:15)
  19 gnolls
  7 adders
  A shadow imp (Gauntlet)
  16 white imps
  2 ufetubi
  3 worms
  4 dart slugs
  52 orcs
  11 endoplasms
  5 giant cockroaches
  7 goblins
  4 hobgoblins
  4 quokkas
  3 ball pythons
  8 bats
  4 frilled lizards
  6 kobolds
  9 rats
  A fulminant prism (Lair:4)
603 creatures vanquished.

Vanquished Creatures (collateral kills)
  Rupert (D:15)
  Kirke (Lair:3)
  An orc warlord (Orc:2)
  2 hydras (Lair:4)
  A two-headed ogre (D:13)
  A deep troll earth mage (D:11)
  Nergalle (D:11)
  3 skeletal warriors (D:14)
  A wizard (Gauntlet)
  2 orc knights (Orc:2)
  2 ugly things
  A manticore (D:15)
  2 torpor snails
  A cane toad (Lair:5)
  An unseen horror (D:13)
  3 komodo dragons
  2 rime drakes (Lair:5)
  An ice devil (Lair:5)
  A meliai (D:14)
  A blink frog (Lair:3)
  2 dream sheep (Lair:3)
  2 shadows
  2 slime creatures
  12 yaks
  A hog (Lair:3)
  A basilisk (Lair:1)
  3 water moccasins (Lair:5)
  2 orc warriors (Orc:2)
  A wolf (Lair:4)
  An ogre (Orc:1)
  4 bullfrogs
  2 wights (D:9)
  A killer bee (D:10)
  A gnoll bouda (Lair:1)
  2 orc wizards
  7 orcs
73 creatures vanquished.

Vanquished Creatures (others)
  A troll (D:13)
  3 humans (Lair:3)
  6 knights
  7 ancestors
  413 fulminant prisms
430 creatures vanquished.

Grand Total: 1106 creatures vanquished

Notes
Turn   | Place    | Note
-------+----------+-------------------------------------------
     0 | D:1      | joshe the Deep Elf Conjurer began the quest for the Orb.
     0 | D:1      | Reached XP level 1. HP: 10/10 MP: 6/6
   145 | D:1      | Reached XP level 2. HP: 6/15 MP: 1/8
   681 | D:1      | Reached skill level 4 in Spellcasting
   684 | D:1      | Learned a level 2 spell: Searing Ray
   752 | D:1      | Reached skill level 5 in Conjurations
   752 | D:1      | Reached XP level 3. HP: 19/19 MP: 4/10
  1694 | D:2      | Identified the +4 robe of Yesterday {rF+ rC- rN+ Int+3}
  1716 | D:2      | Reached skill level 5 in Spellcasting
  2173 | D:3      | Reached XP level 4. HP: 24/24 MP: 11/13
  2178 | D:3      | Learned a level 4 spell: Fulminant Prism
  2616 | D:3      | Reached skill level 6 in Spellcasting
  2641 | D:3      | Reached skill level 1 in Hexes
  2888 | D:3      | Reached XP level 5. HP: 28/28 MP: 7/15
  3194 | D:4      | Noticed a phantom
  3200 | D:4      | Killed a phantom
  3414 | D:4      | Noticed an ogre
  3426 | D:4      | Killed an ogre
  3427 | D:4      | Reached skill level 5 in Hexes
  3427 | D:4      | Reached XP level 6. HP: 32/32 MP: 4/17
  3432 | D:4      | Learned a level 4 spell: Iskenderun's Mystic Blast
  3923 | D:4      | Found the +6 shillelagh "Devastator" {shatter}
  3937 | D:4      | Found a runed translucent door.
  3938 | D:4      | Noticed Crazy Yiuf
  4102 | D:4      | Killed Crazy Yiuf
  4226 | D:5      | Entered Level 5 of the Dungeon
  4233 | D:5      | Reached skill level 7 in Spellcasting
  4637 | D:5      | Reached XP level 7. HP: 28/36 MP: 7/19
  5831 | D:5      | Found a sacrificial altar of Ru.
  6138 | D:6      | Reached XP level 8. HP: 41/41 MP: 11/21
  6234 | D:6      | Noticed Grinder
  6611 | D:6      | Reached skill level 8 in Spellcasting
  6616 | D:6      | Noticed Eustachio
  6662 | D:6      | Reached skill level 9 in Spellcasting
  6664 | D:6      | Killed Eustachio
  6773 | D:6      | Found a shimmering altar of Xom.
  6778 | D:6      | Reached skill level 10 in Spellcasting
  6916 | D:6      | Paralysed by Grinder for 3 turns
  6918 | D:6      | Killed Grinder
  6919 | D:6      | Reached XP level 9. HP: 45/45 MP: 15/25
  6991 | D:6      | Learned a level 3 spell: Mephitic Cloud
  6994 | D:6      | Learned a level 2 spell: Poisonous Vapours
  7132 | D:6      | Found a staircase to the Ecumenical Temple.
  7148 | Temple   | Entered the Ecumenical Temple
  7244 | Temple   | Became a worshipper of Hepliaklqana the Forgotten
  7582 | D:6      | Found a shimmering altar of Xom.
  7842 | D:6      | Found a staircase to the Ecumenical Temple.
  8157 | D:7      | Reached skill level 1 in Air Magic
  8157 | D:7      | Reached skill level 1 in Poison Magic
  8914 | D:7      | Found a broken altar of Ashenzari.
  8918 | D:7      | Found a shadowy altar of Dithmenos.
  9040 | D:8      | Reached skill level 11 in Spellcasting
  9179 | D:8      | Reached skill level 5 in Air Magic
  9805 | D:8      | Found a staircase to the Lair.
  9814 | D:8      | Reached skill level 1 in Shields
  9814 | D:8      | Reached XP level 10. HP: 29/50 MP: 26/27
 10464 | D:8      | Found a bloodstained altar of Trog.
 10749 | Lair:1   | Entered Level 1 of the Lair of Beasts
 10767 | Lair:1   | Reached skill level 5 in Dodging
 10767 | Lair:1   | Reached skill level 5 in Translocations
 10805 | Lair:1   | Reached * piety under Hepliaklqana
 10970 | Lair:1   | Reached skill level 1 in Invocations
 10970 | Lair:1   | Reached skill level 1 in Evocations
 11834 | Lair:2   | Reached skill level 12 in Spellcasting
 11834 | Lair:2   | Reached XP level 11. HP: 48/48 MP: 0/29
 12101 | Lair:2   | Noticed Erica
 12108 | Lair:1   | Reached skill level 1 in Fighting
 12360 | Lair:2   | Noticed Urug
 12373 | Lair:2   | Killed Urug
 12472 | Lair:2   | Reached skill level 10 in Hexes
 12640 | Lair:2   | Killed Erica
 12819 | Lair:2   | Noticed Gastronok
 12836 | Lair:2   | Killed Gastronok
 13003 | Lair:2   | Reached skill level 10 in Dodging
 13454 | Lair:2   | Reached ** piety under Hepliaklqana
 13455 | Lair:2   | Remembered your ancestor Septima as a knight
 13491 | Lair:2   | Noticed a four-headed hydra
 13502 | Lair:2   | Killed a four-headed hydra
 13503 | Lair:2   | Reached skill level 13 in Spellcasting
 13714 | Lair:2   | Noticed a four-headed hydra
 13717 | Lair:2   | Killed a four-headed hydra
 13718 | Lair:2   | Reached XP level 12. HP: 55/55 MP: 29/31
 13916 | Lair:2   | Reached skill level 14 in Spellcasting
 14093 | Lair:2   | Found a staircase to the Swamp.
 14236 | Lair:2   | You fall into a shaft and drop 1 floor!
 14348 | Lair:3   | Identified the +8 flail "Eruut" {freeze, Will++}
 14361 | Lair:3   | Reached skill level 5 in Invocations
 14381 | Lair:3   | Upgraded the game from 0.30.0-11-gf55b779eaf to
                  | 0.30.0-13-g156ef70053
 14391 | Lair:3   | Noticed a catoblepas
 14401 | Lair:3   | Killed a catoblepas
 14835 | Lair:3   | Identified the +4 chain mail "Olunu" {Will+ Str+3 Dex+3}
 14892 | Lair:3   | Noticed Kirke
 14904 | Lair:3   | Killed Kirke
 14905 | Lair:3   | Reached skill level 5 in Shields
 15561 | Lair:3   | Found a hole to the Spider Nest.
 15852 | Lair:4   | Noticed a four-headed hydra
 15882 | Lair:4   | Killed a four-headed hydra
 16293 | Lair:4   | Noticed a five-headed hydra
 16298 | Lair:4   | Killed a five-headed hydra
 16397 | Lair:4   | Reached skill level 15 in Spellcasting
 16400 | Lair:4   | Noticed a catoblepas
 16402 | Lair:4   | Learned a level 4 spell: Flame Wave
 16420 | Lair:4   | Killed a catoblepas
 16421 | Lair:4   | Reached XP level 13. HP: 57/59 MP: 11/34
 16788 | Lair:4   | Reached skill level 1 in Fire Magic
 16898 | Lair:4   | Learned a level 6 spell: Plasma Beam
 17125 | Lair:5   | Entered Level 5 of the Lair of Beasts
 17203 | Lair:5   | Reached skill level 5 in Fire Magic
 18623 | Lair:5   | Reached *** piety under Hepliaklqana
 18635 | Lair:5   | Found a staircase to the Slime Pits.
 18636 | Lair:5   | Found a viscous altar of Jiyva.
 19204 | Lair:5   | Reached skill level 16 in Spellcasting
 19526 | Lair:5   | Found a burning altar of Makhleb.
 19532 | Lair:5   | Found a gateway to Hell.
 20470 | D:9      | Found Noewk's General Store.
 21060 | D:10     | Entered Level 10 of the Dungeon
 21060 | D:10     | Found Ryzxemp's Assorted Antiques.
 21249 | D:10     | Reached **** piety under Hepliaklqana
 21462 | D:10     | Reached XP level 14. HP: 64/64 MP: 36/36
 21479 | D:10     | Reached skill level 10 in Conjurations
 21542 | D:10     | Found a staircase to the Orcish Mines.
 22203 | Orc:1    | Entered Level 1 of the Orcish Mines
 22474 | Orc:1    | Found Surchix's Weapon Emporium.
 22587 | Orc:2    | Entered Level 2 of the Orcish Mines
 23480 | Orc:2    | Noticed an orc warlord
 23541 | Orc:2    | Killed an orc warlord
 23543 | Orc:2    | Reached skill level 17 in Spellcasting
 23646 | Orc:2    | Found a staircase to the Elven Halls.
 23665 | Orc:2    | Reached skill level 10 in Fire Magic
 23671 | Orc:2    | Found Qupaipte's Antique Armour Boutique.
 23681 | Orc:2    | Bought a pair of runed gloves for 300 gold pieces
 23721 | Orc:2    | Found Oloxzar's Jewellery Shop.
 23762 | Orc:2    | Found Jygaom's General Store.
 23795 | Orc:2    | Reached ***** piety under Hepliaklqana
 23824 | Orc:2    | Found Wefukk's Antique Weapon Boutique.
 23876 | Orc:2    | Found Jusiteh's Antique Armour Boutique.
 24234 | Orc:2    | Bought a scroll of enchant armour for 112 gold pieces
 24234 | Orc:2    | Bought 2 potions of curing for 90 gold pieces
 24818 | D:11     | Identified the staff of earth "Icut" {rElec rCorr Int+5
                  | Dex-3}
 24847 | D:11     | Identified the staff of air "Isoege" {rElec MP+9}
 24930 | D:11     | Noticed a frost giant
 24949 | D:11     | Killed a frost giant
 25113 | D:11     | Noticed Nergalle
 25120 | D:11     | Killed Nergalle
 25219 | D:11     | Noticed Harold
 25229 | D:11     | Killed Harold
 25256 | D:11     | Learned a level 5 spell: Fireball
 25332 | D:11     | Noticed Snorg
 25337 | D:11     | Killed Snorg
 25414 | D:11     | Noticed Sonja
 25640 | D:11     | Noticed a fire giant
 25656 | D:11     | Killed a fire giant
 25890 | D:11     | Identified the staff of earth "Eparuor" {rN+}
 25894 | D:11     | Reached XP level 15. HP: 68/68 MP: 38/38
 26290 | D:12     | Reached skill level 18 in Spellcasting
 26303 | D:12     | Found a gate leading to a gauntlet.
 26313 | Gauntlet | Entered a Gauntlet
 26313 | Gauntlet | Found a transporter.
 26323 | Gauntlet | Found a transporter.
 26326 | Gauntlet | Found a transporter.
 26327 | Gauntlet | Found a transporter.
 26336 | Gauntlet | Found a transporter.
 26338 | Gauntlet | Found a transporter.
 26339 | Gauntlet | Found a transporter.
 26356 | Gauntlet | Found a transporter.
 26356 | Gauntlet | Found a transporter.
 26357 | Gauntlet | Found a transporter.
 26365 | Gauntlet | Found a transporter.
 26368 | Gauntlet | Found a transporter.
 26369 | Gauntlet | Found a transporter.
 26377 | Gauntlet | Found a transporter.
 27107 | D:12     | Noticed Josephine
 27112 | D:12     | Killed Josephine
 27620 | D:13     | Reached skill level 5 in Evocations
 27971 | D:13     | You fall into a shaft and drop 2 floors!
 27971 | D:15     | Entered Level 15 of the Dungeon
 27987 | D:15     | Noticed Rupert
 27991 | D:15     | Killed Rupert
 28308 | D:15     | Found a radiant altar of Vehumet.
 28466 | D:15     | Identified the +4 ring mail of Proximity {Int+3 SInv}
 29294 | D:14     | Found Apikapt's Book Shoppe.
 29303 | D:14     | Bought a book of the Spheres for 864 gold pieces
 29309 | D:14     | Learned a level 5 spell: Iskenderun's Battlesphere
 29626 | D:14     | Found Irylez's Weapon Boutique.
 29698 | D:14     | Found Uvvuipn's Weapon Emporium.
 30004 | D:13     | Identified the +8 war axe of Puck {heavy, +Blink Dex+4
                  | Stlth+}
 30110 | D:13     | Found a gate to the Vaults.
 30329 | D:15     | Reached XP level 16. HP: 72/72 MP: 34/40
 30335 | D:15     | Shot with a bolt by a tengu warrior

Illustrated notes

Levels and vault maps discovered:
D:1:      denvon_arrival_planthouse, layout_loops_ring
D:2:      layout_loops_ring, minmay_quadrilaterals
D:3:      layout_rooms
D:4:      layout_loops_cross, uniq_crazy_yiuf_cottage
D:5:      layout_basic, nicolae_overflow_hidden_temple,
          dreamdust_princess_corridor
D:6:      layout_loops_ring, led_xom_imps, minmay_temple_entry_drinking_statues,
          kennysheep_generic_room_10, uniq_eustachio, uniq_grinder
D:7:      minmay_klotski, layout_rooms, minitemple, enter_ossuary_5,
          serial_glass, glass_columns_a, glass_columns_b
D:8:      layout_gridville, mainiacjoe_overflow_surrounded_room,
          erik_lair_orcish_takeover, minmay_nine_imps
D:9:      layout_loops_corners, serial_shops, nicolae_shop_behind_doors
D:10:     layout_cave_pods, minmay_orc_entry_guard_dogs, nicolae_stop_n_shop_1
D:11:     minmay_complete_graph, layout_stronghold, uniq_sonja, uniq_harold,
          uniq_snorg, uniq_nergalle
D:12:     layout_rooms, portal_ice_cave_entry_imps, gauntlet_entry_generic,
          uniq_josephine
D:13:     layout_rooms, david_vaults_1, lemuel_flamethrower_3
D:14:     layout_loops_ring, serial_shops, shop, nicolae_take_the_stairs, shop,
          minmay_door_square
D:15:     grunt_enter_depths_snipers, layout_stronghold, st_stairs_12,
          vehumet_statue, uniq_rupert
Temple:   minmay_temple_bridge_d
Lair:1:   layout_gridlike, dreamdust_gnoll_shepherd
Lair:2:   layout_long_grid, palyth_hydra_swamp_entry, serial_bayou_shore_b,
          grunt_megastairs_3, uniq_urug, uniq_erica, uniq_gastronok
Lair:3:   layout_big_grid, nicolae_spider_entry_orb_guardian, uniq_kirke
Lair:4:   layout_layer_cave, lemuel_fruit_tree
Lair:5:   evil_forest, layout_regular_city, minmay_slime_entry_pillars,
          infiniplex_staircase_pool
Orc:1:    layout_caves, serial_shops, nicolae_shop_mannequins
Orc:2:    grunt_orc_gardens, layout_caves, grunt_orc_garden, grunt_orc_garden,
          grunt_orc_garden, grunt_orc_garden, serial_shops,
          nicolae_shop_peninsula

Skill      XL: |  1  2  3  4  5  6  7  8  9 10 11 12 13 14 15 |
---------------+----------------------------------------------+-----
Spellcasting   | 4 5 6 7 10 11 12 13 15 16 17 18 | 18.1
Conjurations   | 5 6 7 8 9 10 | 10.2
Hexes          | 2 5 6 8 9 10 11 12 13 | 13.0
Translocations | 2 4 5 |  5.0
Dodging        | 4 6 10 11 12 | 12.2
Air Magic      | 5 6 8 |  8.0
Poison Magic   | 3 4 |  4.0
Shields        | 1 4 6 |  6.0
Invocations    | 3 4 7 8 |  8.0
Evocations     | 4 8 |  8.3
Fighting       | 2 |  2.5
Fire Magic     | 8 10 13 | 13.0
Stealth        | |  2.4

Action                     |  1- 3 |  4- 6 |  7- 9 | 10-12 | 13-15 | 16-18 || total
---------------------------+-------+-------+-------+-------+-------+-------++-------
  Melee: Staff             |       |       |     1 |     7 |       |       ||     8
         Dagger            |       |       |       |     1 |       |       ||     1
   Cast: Magic Dart        |    76 |    57 |    50 |    44 |    53 |       ||   280
         Searing Ray       |     2 |    17 |    32 |    30 |    35 |       ||   116
         Fulminant Prism   |       |    11 |    34 |   110 |   260 |       ||   415
         Iskenderun's Myst |       |     1 |    30 |    37 |    63 |       ||   131
         Poisonous Vapours |       |       |    10 |    40 |    35 |       ||    85
         Mephitic Cloud    |       |       |       |     9 |    16 |       ||    25
         Fireball          |       |       |       |       |   146 |       ||   146
         Flame Wave        |       |       |       |       |     1 |       ||     1
         Iskenderun's Batt |       |       |       |       |     8 |       ||     8
         Plasma Beam       |       |       |       |       |       |     2 ||     2
 Invoke: Recall Ancestor   |       |       |       |     2 |     5 |       ||     7
         Ancestor Life: Kn |       |       |       |     1 |       |       ||     1
  Evoke: Wand              |       |       |     1 |     6 |     2 |       ||     9
         Lightning rod     |       |       |       |       |     2 |       ||     2
    Use: Scroll            |       |     1 |     5 |     2 |    14 |     1 ||    23
         Potion            |       |       |     3 |     3 |     3 |     1 ||    10
   Stab: Paralysed         |       |       |       |     1 |       |       ||     1
 Armour: Robe              |       |     1 |    11 |    12 |     6 |       ||    30
  Dodge: Dodged            |     3 |     2 |    30 |    44 |    46 |     1 ||   126
  Block: Buckler           |       |       |       |     8 |     9 |       ||    17
